 Dungeon Crawl Stone Soup version 0.14-a0-3545-g7d9ef9c (webtiles) character file.

1231 sohrab the Chopper (level 7, -5/60 HPs)
             Began as a Lava Orc Death Knight on Mar 28, 2014.
             Was a Priest of Yredelemnul.
             Slain by a yak (15 damage)
             ... on Level 5 of the Dungeon.
             The game lasted 00:14:51 (4810 turns).

sohrab the Chopper (Lava Orc Death Knight)          Turns: 4810, Time: 00:14:51

HP  -5/60        AC  4     Str 18      XL: 7   Next: 85%
MP   0/13        EV 12     Int 11      God: Yredelemnul [***...]
Gold 303         SH  0     Dex 10      Spells:  0 memorised,  6 levels left

rFire  + + +     SeeInvis .     a - +1 hand axe
rCold  x . .     Clarity  .     b - +0 leather armour
rNeg   . . .     Conserve .     (no shield)
rPois  .         rCorr    .     (no helmet)
rElec  .         rRot     .     (no cloak)
SustAb . .       Spirit   +     i - +0 pair of gloves
rMut   .         Warding  .     (no boots)
Saprov + . .     Stasis   .     p - amulet of guardian spirit
MR     .....                    (no ring)
                                (no ring)

@: not resistant to hostile enchantments, unstealthy
A: conserve scrolls, saprovore 1
a: Animate Dead, Recall Undead Slaves, Injury Mirror, Renounce Religion


You were on level 5 of the Dungeon.
You worshipped Yredelemnul.
Yredelemnul was most pleased with you.
You were very hungry.

You visited 1 branch of the dungeon, and saw 5 of its levels.

You collected 303 gold pieces.

Inventory:

Hand weapons
 a - a +1,+1 hand axe (weapon)
 k - a +0,+2 hand axe
 A - a +0,+0 war axe
Armour
 b - a +0 leather armour (worn)
 i - a +0 pair of gloves (worn)
 r - a +0 ring mail
Magical devices
 x - a wand of magic darts (17)
Comestibles
 c - 2 meat rations
 f - a bread ration
 z - a chunk of quokka flesh
Scrolls
 d - 5 scrolls of remove curse
 h - a scroll of immolation {unknown}
 j - a scroll of noise
 l - a scroll of amnesia {unknown}
 m - a scroll of teleportation {unknown}
 n - 5 scrolls of identify
 o - a scroll of enchant weapon I {unknown}
 s - a scroll of enchant armour {unknown}
 w - a scroll of enchant weapon II {unknown}
 y - a scroll of blinking
Jewellery
 p - an amulet of guardian spirit (around neck)
Potions
 g - a potion of curing
 q - 2 potions of restore abilities
 t - a potion of brilliance {unknown}
 u - a potion of haste {unknown}
 v - a potion of mutation {unknown}


   Skills:
 + Level 4.5 Fighting
 + Level 5.9 Axes
 + Level 3.3 Armour
 + Level 4.8 Dodging
 - Level 0.6 Stealth
 - Level 4.6 Invocations


You had 6 spell levels left.
You didn't know any spells.

Dungeon Overview and Level Annotations

Branches:
Dungeon (5/15)
 Temple: D:4-7

Altars:


Innate Abilities, Weirdness & Mutations

You have stony skin.
Your flesh is almost immune to the effects of heat.
Your fire spells are more powerful.
Your flesh is vulnerable to cold.
Your heat harms attackers.
You bathe your surroundings in blazing heat.
You are too hot to use scrolls.
You are very good at protecting items from fire.
You can tolerate rotten meat.


Message History

The yak completely misses you.
You feel better.
The plant is burned by your radiant heat.
The plant is almost destroyed.
The plant is burned by your radiant heat.
The plant is severely damaged.
The yak is burned by your radiant heat.
The yak is severely wounded.
The yak gores you.
* * * LOW HITPOINT WARNING * * *
The yak is singed by your heat.
The yak is almost dead.
The yak is burned by your radiant heat.
The yak is almost dead.
The yak barely misses you. The yak is burned by your radiant heat.
The yak is almost dead.
The yak gores you!
You die...
Your body rises from the dead as a mindless zombie.

#..♣♣♣P.P♣♣♣..P♣♣♣..P
#..PPPP..PP...P..P..P
#......).............
#..P....P.P...P......
#."♣♣♣..)♣♣♣...♣♣♣...
#.P♣♣♣[%.♣♣♣P..♣♣♣P.P
#..♣♣♣)..♣♣♣..P♣♣♣..P
#.P.YP..P.P...P......
#...@Y)..............
#.P.P......PP........
#..♣♣♣...♣♣♣P.P♣♣♣...
#.P♣♣♣..P♣♣♣P..♣♣♣..P
#..♣♣♣...♣♣♣...♣♣♣P.P
#..P..P..P....P......
#....................
#.P.P......PP.PP....P
#..♣ ♣...♣ ♣...♣ ♣P..


You could see 2 yaks.

Vanquished Creatures
  4 yaks (D:5)
  An ogre (D:5)
  A water moccasin skeleton (D:5)
  An orc priest (D:4)
  An orc wizard (D:3)
  A worker ant (D:5)
  6 adders
  An orc skeleton (D:5)
  A shadow imp (D:5)
  2 giant mites
  2 worms
  3 oozes
  2 giant geckos
  11 orcs
  A ball python (D:2)
  A bat skeleton (D:5)
  6 giant cockroaches
  12 hobgoblins
  5 bats
  A giant gecko zombie (D:5)
  6 giant newts
  12 goblins
  13 jackals
  6 kobolds
  3 quokkas
  A quokka skeleton (D:4)
  A quokka zombie (D:5)
  6 rats
111 creatures vanquished.

Vanquished Creatures (collateral kills)
  An ogre (D:5)
  An orc priest (D:5)
  An adder (D:5)
  5 orcs
  A hobgoblin (D:2)
  A jackal (D:5)
  4 bats
  A goblin (D:1)
  A kobold (D:2)
  A rat zombie (D:5)
17 creatures vanquished.

Vanquished Creatures (others)
  2 ogre zombies (D:5)
  An adder zombie (D:5)
  A hobgoblin zombie (D:1)
  A jackal zombie (D:3)
  A kobold zombie (D:3)
  3 plants (D:5)
9 creatures vanquished.

Grand Total: 137 creatures vanquished

Notes
Turn   | Place    | Note
--------------------------------------------------------------
     0 | D:1      | sohrab, the Lava Orc Death Knight, began the quest for the Orb.
     0 | D:1      | Reached XP level 1. HP: 18/18 MP: 2/2
    83 | D:1      | Reached skill level 1 in Dodging
    92 | D:1      | Reached XP level 2. HP: 9/25 MP: 4/4
   501 | D:1      | Reached skill level 4 in Invocations
   880 | D:1      | Reached XP level 3. HP: 22/30 MP: 5/5
  1419 | D:2      | Acquired Yredelemnul's second power
  1560 | D:2      | Reached XP level 4. HP: 17/38 MP: 7/7
  2762 | D:3      | Reached XP level 5. HP: 41/45 MP: 9/9
  3438 | D:3      | Acquired Yredelemnul's third power
  3994 | D:5      | Entered Level 5 of the Dungeon
  4037 | D:5      | Reached XP level 6. HP: 24/51 MP: 4/11
  4783 | D:5      | Noticed a yak
  4790 | D:5      | Noticed a yak
  4790 | D:5      | Noticed a yak
  4795 | D:5      | Noticed a yak
  4798 | D:5      | Noticed a yak
  4799 | D:5      | Noticed a yak
  4799 | D:5      | Killed a yak
  4799 | D:5      | Reached skill level 5 in Axes
  4799 | D:5      | Reached XP level 7. HP: 49/59 MP: 3/13
  4801 | D:5      | Killed a yak
  4805 | D:5      | Killed a yak
  4808 | D:5      | Killed a yak
  4810 | D:5      | Slain by a yak

Action                   |  1- 3 |  4- 6 |  7- 9 || total
-------------------------+-------+-------+-------++-------
Melee: Hand axe          |   150 |   264 |     6 ||   420
Invok: Animate Remains   |     2 |    10 |       ||    12
       Animate Dead      |       |     5 |       ||     5
       Recall Undead Sla |       |     1 |       ||     1
Evoke: Wand              |       |     1 |       ||     1
  Use: Scroll            |     1 |     3 |       ||     4
       Potion            |     1 |     2 |     3 ||     6
 Stab: Distracted        |       |     1 |       ||     1
